 Dungeon Crawl Stone Soup version 0.26-a0-541-g3b3d21e777 (webtiles) character file.

Game seed: 14326117570357615800

70488 ReteAZ the Grappler (level 14, -4/116 HPs)
             Began as a Demigod Transmuter on Aug 16, 2020.
             Slain by an ice devil (19 damage)
             ... summoned by an orc sorcerer
             ... while paralysed by an orc sorcerer
             ... on level 2 of the Orcish Mines.
             The game lasted 01:06:28 (26000 turns).

ReteAZ the Grappler (Demigod Transmuter)           Turns: 26000, Time: 01:06:29

Health: -4/116     AC: 15    Str: 21    XL:     14   Next: 52%
Magic:  19/22      EV:  2    Int: 19    God:
Gold:   2909       SH:  0    Dex: 20    Spells: 4/19 levels left

rFire    + . .     SeeInvis +     - Unarmed
rCold    . . .     Faith    .   q - +2 buckler
rNeg     . . .     Spirit   .   R - +1 ring mail of Cheibriados's Hope {rElec Regen+ Str+2 Dex+4} (curse)
rPois    +         Reflect  +   C - +2 helmet {SInv}
rElec    +         Harm     .   Y - +1 cloak of Too Many Cooks {rPois rCorr}
rCorr    +                      c - +2 pair of gloves
MR       +....                  L - +0 pair of boots
Stlth    +.........             w - amulet of Moidumock {Reflect SH+5 SInv}
HPRegen  0.69/turn              k - +4 ring of evasion
MPRegen  0.18/turn              u - ring of protection from fire

@: paralysed, lethally poisoned (-4 -> -12), heavily drained
A: high mp 1
a: no special abilities


You were on level 2 of the Orcish Mines.
You visited 3 branches of the dungeon, and saw 23 of its levels.
You also visited: Bailey.

You collected 3498 gold pieces.
You spent 589 gold pieces at shops.

Inventory:

Missiles
 h - 61 poisoned darts (quivered)
 x - 14 throwing nets
 B - 36 boomerangs
 H - 20 javelins
 I - 6 curare-tipped darts
Armour
 c - a +2 pair of gloves (worn)
 q - a +2 buckler (worn)
 C - a +2 helmet of see invisible (worn)
 G - a +2 scale mail of cold resistance
 L - a +0 pair of boots (worn)
 R - the cursed +1 ring mail of Cheibriados's Hope (worn) {rElec Regen+ Str+2 Dex+4}
   (You bought it in a shop on level 12 of the Dungeon)

   It affects your strength (+2).
   It affects your dexterity (+4).
   It insulates you from electricity.
   It increases your rate of regeneration.
   It has a curse placed upon it.
 Y - the +1 cloak of Too Many Cooks (worn) {rPois rCorr}
   (You bought it in a shop on level 12 of the Dungeon)

   It protects you from poison.
   It provides partial protection from all sources of acid and corrosion.
Jewellery
 k - a +4 ring of evasion (left hand)
 u - a ring of protection from fire (right hand)
 w - the amulet of Moidumock (around neck) {Reflect SH+5 SInv}
   (You found it on level 6 of the Lair of Beasts)

   [amulet of reflection]

   It shields you and reflects attacks.
   It lets you see invisible.
   It affects your SH (+5).
 N - an uncursed ring of poison resistance
 S - an uncursed ring of fire
 W - an uncursed ring of ice
Wands
 o - a wand of paralysis (37)
 t - a wand of flame (2)
 E - a wand of random effects (28)
 M - a wand of polymorph (31)
 O - a wand of iceblast (17)
 U - a wand of enslavement (13)
 V - a wand of digging (5)
Scrolls
 f - a scroll of fear
 i - 13 scrolls of remove curse
 l - 13 scrolls of teleportation
 m - 4 scrolls of amnesia
 r - a scroll of acquirement
 y - a scroll of identify
 A - 2 scrolls of blinking
 D - 5 scrolls of enchant armour
 F - 2 scrolls of magic mapping
 P - a scroll of silence
 Z - 3 scrolls of enchant weapon
Potions
 a - a potion of resistance
 b - 6 potions of heal wounds
 d - 2 potions of berserk rage
 e - a potion of might
 g - 7 potions of curing
 j - 6 potions of lignification
 n - a potion of cancellation
 p - 3 potions of mutation
 s - 5 potions of brilliance
 v - 6 potions of flight
 z - 12 potions of ambrosia {AMBROSIA}
 J - a potion of magic
 K - 4 potions of haste


   Skills:
 + Level 8.5(6.1) Fighting
 - Level 13.0(10.2) Dodging
 - Level 4.0(1.8) Shields
 - Level 14.0(11.2) Unarmed Combat
 - Level 3.0(0.9) Spellcasting
 - Level 11.0(8.4) Transmutations
 - Level 4.0(1.8) Ice Magic
 - Level 4.0(1.8) Poison Magic


You had 4 spell levels left.
You knew the following spells:

 Your Spells              Type           Power        Failure   Level
a - Beastly Appendage     Tmut           ####..       1%          1
b - Spider Form           Tmut/Pois      ###.......   16%         3
c - Wereblood             Tmut           ####....     1%          2
d - Blade Hands           Tmut           ####......   36%         5
e - Ice Form              Ice/Tmut       ###.....     45%         4

Your spell library contained the following spells:

 Spells                   Type           Power        Failure   Level
 Freeze                   Ice            #...         19%         1
 Magic Dart               Conj           #...         38%         1
 Frozen Ramparts          Ice            #.....       50%         3
 Ozocubu's Armour         Ice            #.......     50%         3
 Blink                    Tloc           N/A          54%         2
 Call Imp                 Summ           #.......     54%         2
 Slow                     Hex            #.......     54%         2
 Mephitic Cloud           Conj/Pois/Air  #.......     67%         3
 Conjure Flame            Conj/Fire      #.......     77%         3
 Hailstorm                Conj/Ice       #.......     96%         4
 Summon Ice Beast         Ice/Summ       #.......     96%         4


Dungeon Overview and Level Annotations

Branches:
Dungeon (15/15)            Temple (0/1) D:5            Lair (6/6) D:8
  Swamp (0/4) Lair:2       Spider (0/4) Lair:2        Slime (0/5) Lair:5
    Orc (2/2) D:12            Elf (0/3) Orc:2        Vaults (0/5) D:14
 Bailey (visited)
 Depths: D:15

Shops:
D:4 (:   D:12 [   Orc:1 (   Orc:2 **

Annotations:
D:15 Josephine
Lair:4 1 runed translucent door, exclusion: 2 oklob plants, Belaica's ghost, journeyman HOFE
Lair:5 1 runed translucent door
Orc:2 2 exclusions


Innate Abilities, Weirdness & Mutations

You have an increased reservoir of magic. (+10% MP)


Message History

The orc sorcerer mumbles some strange words.
The chaos spawn hits you but does no damage.
The orc sorcerer hits you but does no damage.
Your magical contamination has completely faded away.
The orange demon stings you from afar.
You are poisoned.
The orange demon poisons you!
The orc warrior hits you with a +0 scimitar!
The orc sorcerer hits you but does no damage.
The chaos spawn gores you. The chaos spawn freezes you!
* * * LOW HITPOINT WARNING * * *
The orc sorcerer hits you but does no damage.
You feel very sick. The orange demon barely misses you.
The orc sorcerer hits you with a +0 dagger.
* * * LOW HITPOINT WARNING * * *
The orc warrior completely misses you. The ice devil hits you.
* * * LOW HITPOINT WARNING * * *
The ice devil freezes you!!
You die...

.#..........#......#.......###...
#..........##.....####....###..#.
..........#..#..#####.##.###.....
.................###...####.).#.#
.............#....##..####)).....
...............#..#...###)o#)#...
.....................###))##....#
...........#.#.4o.4.###.o###...##
......#.....#..4@#####..###...##
................oo.##..###...##
................[.....###...##
......#.......#[)....###.oo##
....................###.#.##
..........#........###..)##
..........##.##.##.# ##.#.##
..............###### ##...## ##
)..........#...# ####...## .#


You could see an orange demon (summoned), an ice devil (summoned), a chaos spawn
(summoned), 2 orc sorcerers and an orc warrior.

Vanquished Creatures
  Gastronok (D:10)
  Kirke (Lair:5)
  An ettin (Orc:1)
  Snorg (Orc:1)
  A fire dragon (Lair:6)
  A vault guard (D:14)
  3 hydras
  Harold (D:11)
  3 centaur warriors
  4 death yaks
  Sonja (Lair:2)
  A skeletal warrior (D:14)
  An unseen horror (D:11)
  A lindwurm (Lair:6)
  A deep elf mage (D:13)
  8 ugly things
  6 orc sorcerers (Orc:2)
  7 orc knights
  3 oklob plants
  4 cyclopes
  A rust devil (Orc:2)
  5 elephants (Lair:4)
  4 black mambas
  A gargoyle (D:14)
  3 centaur skeletons
  6 cane toads
  5 torpor snails (Lair:6)
  Maurice (D:8)
  An efreet (D:13)
  2 rime drakes
  2 kobold demonologists
  10 komodo dragons
  A freezing wraith (D:10)
  3 trolls
  A red devil (Orc:2)
  Grinder (D:6)
  A queen bee (Lair:3)
  A polar bear (Lair:2)
  A jumping spider (Lair:2)
  4 tyrant leeches (Lair:6)
  11 dream sheep (Lair:6)
  6 hornets (Lair:6)
  6 slime creatures (D:13)
  A meliai zombie (D:13)
  6 hippogriffs
  Sigmund (D:3)
  A spriggan (Lair:2)
  3 wyverns
  A redback (Lair:2)
  A basilisk (Lair:2)
  2 chaos spawn (Orc:2)
  A hog (Lair:5)
  2 steam dragons
  21 yaks
  2 swamp worms (Lair:2)
  A warg (Orc:1)
  Edmund (D:6)
  2 acid dragons
  7 water moccasins
  5 porcupines
  3 sky beasts
  35 orc warriors
  8 ice beasts
  An eye of draining (D:8)
  3 phantoms
  A necrophage (D:13)
  5 centaurs
  4 black bears
  12 ogres
  8 wolves (Lair:2)
  12 crocodiles
  23 big kobolds
  15 bullfrogs
  A wyvern zombie (D:9)
  8 gnoll sergeants (Bailey)
  3 scorpions
  23 killer bees (Lair:3)
  An electric eel (Lair:4)
  16 wights
  3 centaur zombies
  4 howler monkeys
  12 hounds
  30 orc priests
  6 gnoll shamans (Bailey)
  3 jellies
  19 orc wizards
  3 bullfrog skeletons
  4 iguanas
  9 worker ants
  A hound zombie (D:8)
  Robin (D:3)
  12 adders
  14 gnolls (Bailey)
  2 shadow imps
  6 white imps
  2 ufetubi (D:8)
  An ooze (D:2)
  2 adder zombies (D:5)
  A worm (D:3)
  3 dart slugs
  6 leopard geckos
  119 orcs
  4 bats
  A giant cockroach (D:5)
  17 goblins
  4 hobgoblins
  5 jackals
  27 kobolds
  3 quokkas
  2 ball pythons
  4 frilled lizards
  2 gnoll zombies (D:6)
  A leopard gecko skeleton (D:5)
  2 quokka skeletons
  A quokka zombie (D:9)
  5 rats
  A fungus (Lair:6)
  A plant (Lair:6)
710 creatures vanquished.

Vanquished Creatures (collateral kills)
  A stone giant (Orc:1)
  2 ogres (Orc:1)
3 creatures vanquished.

Vanquished Creatures (others)
  A giant cockroach (D:8)
  5 fungi
  9 plants
15 creatures vanquished.

Grand Total: 728 creatures vanquished

Notes
Turn   | Place    | Note
-------+----------+-------------------------------------------
     0 | D:1      | ReteAZ the Demigod Transmuter began the quest for the Orb.
     0 | D:1      | Reached XP level 1. HP: 15/15 MP: 5/5
    56 | D:1      | Reached skill level 1 in Fighting
  1088 | D:2      | Reached XP level 2. HP: 21/23 MP: 5/7
  1183 | D:2      | Reached skill level 3 in Unarmed Combat
  1452 | D:2      | Reached XP level 3. HP: 28/28 MP: 6/8
  1561 | D:2      | Found a shimmering blue altar of Sif Muna.
  2416 | D:3      | Reached XP level 4. HP: 24/36 MP: 10/10
  2660 | D:3      | Noticed Sigmund
  2959 | D:3      | Killed Sigmund
  2959 | D:3      | Reached XP level 5. HP: 36/42 MP: 9/12
  3053 | D:3      | Noticed Robin
  3059 | D:3      | Learned a level 3 spell: Spider Form
  3068 | D:3      | Killed Robin
  3321 | D:4      | Found Honk's Weapon Shoppe.
  3325 | D:4      | Reached skill level 4 in Unarmed Combat
  3340 | D:4      | Reached XP level 6. HP: 40/50 MP: 11/13
  3496 | D:3      | Learned a level 2 spell: Wereblood
  3692 | D:4      | Found Duph's Book Shoppe.
  4884 | D:5      | Entered Level 5 of the Dungeon
  5113 | D:5      | Reached XP level 7. HP: 47/57 MP: 14/14
  5131 | D:5      | Found a glowing silver altar of Zin.
  5688 | D:5      | Reached skill level 1 in Poison Magic
  5955 | D:5      | Found a staircase to the Ecumenical Temple.
  5990 | D:6      | Noticed Grinder
  6176 | D:6      | Found a snail-covered altar of Cheibriados.
  6183 | D:6      | Reached skill level 5 in Unarmed Combat
  6267 | D:6      | Reached skill level 5 in Transmutations
  6293 | D:6      | Noticed Edmund
  6311 | D:6      | Killed Edmund
  6475 | D:6      | Paralysed by Grinder for 2 turns
  6481 | D:6      | Killed Grinder
  6481 | D:6      | Reached XP level 8. HP: 42/67 MP: 13/15
  6948 | D:6      | Found a basalt altar of Yredelemnul.
  6982 | D:6      | Found an opulent altar of Gozag.
  6983 | D:6      | Found an ancient bone altar of Kikubaaqudgha.
  7251 | D:7      | Reached skill level 5 in Fighting
  7290 | D:7      | Found a burning altar of Makhleb.
  7665 | D:7      | Found a sacrificial altar of Ru.
  7729 | D:7      | Found a hazy altar of Hepliaklqana.
  8067 | D:8      | Reached skill level 6 in Unarmed Combat
  8180 | D:8      | Reached XP level 9. HP: 72/74 MP: 13/16
  8251 | D:8      | Found a staircase to the Lair.
  8450 | D:8      | Found a stormy altar of Qazlal.
  8465 | D:8      | Noticed Maurice
  8630 | D:8      | Killed Maurice
  8917 | D:8      | Reached skill level 7 in Unarmed Combat
  9549 | D:9      | Found a radiant altar of Vehumet.
  9734 | D:9      | Reached XP level 10. HP: 80/81 MP: 12/17
 10615 | D:9      | Reached skill level 10 in Transmutations
 10693 | D:10     | Entered Level 10 of the Dungeon
 10722 | D:10     | Noticed Gastronok
 10747 | D:10     | Reached skill level 8 in Unarmed Combat
 10757 | D:10     | Killed Gastronok
 10774 | D:10     | Found a flagged portal.
 10785 | Bailey   | Entered a bailey
 10860 | Bailey   | Learned a level 5 spell: Blade Hands
 10976 | Bailey   | Reached skill level 9 in Unarmed Combat
 11911 | D:11     | Noticed Harold
 12007 | D:11     | Noticed a cyclops
 12235 | D:11     | Noticed a centaur warrior
 12245 | D:11     | Killed a centaur warrior
 12245 | D:11     | Reached skill level 10 in Unarmed Combat
 12245 | D:11     | Reached XP level 11. HP: 63/86 MP: 13/19
 12504 | D:11     | Noticed a centaur warrior
 12513 | D:11     | Killed a centaur warrior
 12515 | D:11     | Reached skill level 11 in Unarmed Combat
 12574 | D:11     | Killed Harold
 12675 | D:11     | Noticed an unseen horror
 12684 | D:11     | Killed an unseen horror
 12961 | D:11     | Reached skill level 12 in Unarmed Combat
 13501 | D:12     | Noticed an eight-headed hydra
 13620 | Lair:1   | Entered Level 1 of the Lair of Beasts
 14682 | Lair:2   | Reached XP level 12. HP: 71/94 MP: 15/20
 14688 | Lair:2   | Reached skill level 13 in Unarmed Combat
 14832 | Lair:2   | Found a hole to the Spider Nest.
 14869 | Lair:2   | Reached skill level 5 in Dodging
 14930 | Lair:2   | Found a staircase to the Swamp.
 15347 | Lair:2   | Noticed Sonja
 15354 | Lair:2   | Killed Sonja
 15727 | Lair:3   | Noticed a four-headed hydra
 15734 | Lair:3   | Killed a four-headed hydra
 15985 | Lair:3   | Reached skill level 1 in Shields
 16988 | Lair:4   | Learned a level 4 spell: Ice Form
 17065 | Lair:4   | Reached skill level 14 in Unarmed Combat
 17402 | Lair:4   | Found a runed translucent door.
 17402 | Lair:4   | Found a shimmering altar of Xom.
 17402 | Lair:4   | Noticed Belaica's ghost (journeyman HOFE)
 18010 | Lair:5   | Found a runed translucent door.
 18011 | Lair:5   | Found a viscous altar of Jiyva.
 18013 | Lair:5   | Found a staircase to the Slime Pits.
 18119 | Lair:5   | Identified a scroll of acquirement
 18126 | Lair:5   | Got a wizard robe
 18137 | Lair:5   | Identified the +0 robe of Midnight {Int+4} (You found it on
                  | level 5 of the Lair of Beasts)
 18445 | Lair:5   | Reached XP level 13. HP: 100/100 MP: 16/21
 18511 | Lair:5   | Noticed Kirke
 18521 | Lair:5   | Killed Kirke
 18619 | Lair:6   | Entered Level 6 of the Lair of Beasts
 18875 | Lair:5   | Got a faintly glowing helmet
 18886 | Lair:5   | Identified the +2 helmet of Edagoroo {+Inv rPois Str-4
                  | Dex-3} (You found it on level 5 of the Lair of Beasts)
 19016 | Lair:6   | Reached skill level 10 in Dodging
 19200 | Lair:6   | Found a runed translucent door.
 19224 | Lair:6   | Got a transparent jade amulet
 19235 | Lair:6   | Identified the amulet of Moidumock {Reflect SH+5 SInv} (You
                  | found it on level 6 of the Lair of Beasts)
 20626 | D:12     | Found a roughly hewn altar of Beogh.
 20626 | D:12     | Found a staircase to the Orcish Mines.
 20954 | D:12     | Found Zusem's Armour Shoppe.
 20960 | D:12     | Bought the cursed +1 ring mail of Cheibriados's Hope {rElec
                  | Regen+ Str+2 Dex+4} for 326 gold pieces
 20960 | D:12     | Bought the +1 cloak of Too Many Cooks {rPois rCorr} for 263
                  | gold pieces
 22326 | D:14     | Reached XP level 14. HP: 92/107 MP: 16/22
 23076 | D:14     | Found a gate to the Vaults.
 23560 | D:15     | Entered Level 15 of the Dungeon
 23569 | D:15     | Noticed Josephine
 23665 | Orc:1    | Entered Level 1 of the Orcish Mines
 23826 | Orc:1    | Found a roughly hewn altar of Beogh.
 23972 | Orc:1    | Found Quitai's Antique Weapon Shoppe.
 24053 | Orc:1    | Noticed Snorg
 24065 | Orc:1    | Killed Snorg
 24160 | Orc:2    | Entered Level 2 of the Orcish Mines
 24171 | Orc:1    | Reached skill level 1 in Ice Magic
 24563 | Orc:2    | Found a staircase to the Elven Halls.
 25587 | Orc:2    | Found Urogouty's General Store.
 25610 | Orc:2    | Found Kuop's General Store.
 25944 | Orc:2    | Paralysed by an orc sorcerer for 7 turns
 25951 | Orc:2    | HP: 5/116 [orc sorcerer/+0 dagger (4)]
 25954 | Orc:2    | Paralysed by an orc sorcerer for 3 turns
 25990 | Orc:2    | Paralysed by an orc sorcerer for 2 turns
 25996 | Orc:2    | Paralysed by an orc sorcerer for 4 turns
 26000 | Orc:2    | Slain by an ice devil

Illustrated notes

Levels and vault maps discovered:
D:1:      minmay_arrival_wavy_path, layout_basic
D:2:      layout_loops_ring, marbit_many_paths
D:3:      layout_basic, uniq_sigmund, uniq_robin
D:4:      cheibrodos_helix_gallery, layout_loops_ring, serial_shops, shop,
          nicolae_shop_trees, grunt_decor_mini_mirrors
D:5:      layout_gridville, minmay_temple_entry_enclosed_plants, basic_altar
D:6:      kennysheep_big_flooded_room, layout_rooms,
          lemuel_zombie_altar_yredelemnul, kennysheep_slug_shrine,
          gammafunk_temple_overflow_statue, uniq_grinder, uniq_edmund
D:7:      layout_basic, kennysheep_mini_moat, kennysheep_mini, basic_altar
D:8:      layout_basic, lair_entry_dummy, grunt_qazlal_sundering, uniq_maurice
D:9:      minmay_general_purpose_star, layout_layer_cave, vehumet_crystals,
          special_room [special_room_orc]
D:10:     layout_loops_cross, enter_bailey_3, minmay_tree_intersection,
          uniq_gastronok
D:11:     layout_loops_ring, special_room [special_room_kobold],
          minmay_statues_item, kb_rosetta, uniq_harold
D:12:     layout_basic, david_orc_5, serial_shops, nicolae_shop_trees
D:13:     layout_cave_pods
D:14:     layout_basic, david_vaults_5, minivault_25
D:15:     grunt_enter_depths_snipers, layout_long_grid, palyth_stone_intersect,
          basic_altar, uniq_josephine
Lair:1:   layout_cave_pods, nicolae_lair_grove_arrangements
Lair:2:   layout_loops_ring, minmay_swamp_entry_worms, spider_nest_entry_a,
          grunt_forest_stairs_clearing, uniq_sonja
Lair:3:   layout_cave_pods, special_room [special_room_bee],
          columned_hall_lemuel, infiniplex_staircase_pool_2,
          serial_bayou_shore_b, lemuel_fruit_tree
Lair:4:   layout_gridlike, ebering_ghost_xom, minivault_23,
          minmay_lair_oklob_chamber, lemuel_fruit_fields
Lair:5:   layout_roguey, slime_altar_2, beast_lair_carwin_4,
          infiniplex_staircase_pool, uniq_kirke
Lair:6:   wormcave, layout_regular_city
Orc:1:    layout_caves, serial_shops, shop, basic_altar, uniq_snorg
Orc:2:    pf_orc_diabolical, layout_caves, nicolae_orc_stony_grotto,
          mines3_lemuel

Skill      XL: |  1  2  3  4  5  6  7  8  9 10 11 12 13 14 |
---------------+-------------------------------------------+-----
Fighting       | 1 2 3 4 5 8 |  8.5
Transmutations | 2 3 4 5 7 9 11 | 11.0
Spellcasting   | 2 3 |  3.0
Unarmed Combat | 3 4 5 6 7 10 12 14 | 14.0
Poison Magic   | 2 3 4 |  4.0
Dodging        | 4 8 12 13 | 13.0
Shields        | 4 |  4.0
Ice Magic      | 4 |  4.0

Action                   |  1- 3 |  4- 6 |  7- 9 | 10-12 | 13-15 || total
-------------------------+-------+-------+-------+-------+-------++-------
Melee: Unarmed           |    93 |   132 |   482 |   747 |   680 ||  2134
       Headbutt          |    19 |    29 |    94 |     3 |     4 ||   149
       Kick              |    16 |    44 |   116 |     7 |     6 ||   189
       Punch             |     1 |     1 |    12 |    31 |    43 ||    88
Throw: Dart              |    11 |    11 |    27 |     5 |     4 ||    58
       Javelin           |       |       |     3 |    13 |       ||    16
 Cast: Beastly Appendage |    25 |    25 |    44 |     3 |     4 ||   101
       Wereblood         |       |     2 |    11 |    17 |    11 ||    41
       Spider Form       |       |       |     3 |     8 |       ||    11
       Blade Hands       |       |       |       |    70 |    55 ||   125
 Abil: End Transformatio |       |       |     1 |     1 |       ||     2
Evoke: Wand              |       |       |       |     1 |     1 ||     2
  Use: Scroll            |       |       |     3 |    24 |     6 ||    33
       Potion            |       |       |       |       |     6 ||     6
 Stab: Sleeping          |     1 |       |       |     1 |       ||     2
       Invisible         |       |       |       |       |     1 ||     1
Armor: Robe              |    30 |    34 |     3 |       |       ||    67
       Scale mail        |       |       |   133 |       |       ||   133
       Skin              |       |       |     2 |     7 |       ||     9
       Steam dragon scal |       |       |    26 |       |       ||    26
       Troll leather arm |       |       |     5 |   186 |    25 ||   216
       Ring mail         |       |       |       |       |    44 ||    44
Dodge: Dodged            |    67 |    69 |   346 |   644 |   461 ||  1587
Block: Buckler           |       |       |       |    12 |    83 ||    95
       Other             |       |       |       |       |    70 ||    70
       Reflection        |       |       |       |       |     6 ||     6

Table legend: (Time is in decaauts)
 A = Elapsed time spent in this place.
 B = Non-inter-level travel time spent in this place.
 C = Inter-level travel time spent in this place.
 D = Time resting spent in this place.
 E = Time spent auto-exploring this place.
 F = Levels seen in this place.
 G = Mean time per level.
                   A        B        C        D        E       F      G
               +--------+--------+--------+--------+--------+-----+--------+
         Total |  25697 |  24224 |   1473 |   3134 |  14900 |  24 | 1070.7 |
       Dungeon |  16439 |  15288 |   1151 |   2087 |   9366 |  15 | 1095.9 |
          Lair |   6529 |   6269 |    260 |    488 |   4279 |   6 | 1088.2 |
  Orcish Mines |   2276 |   2215 |     61 |    513 |   1107 |   2 | 1138.0 |
        Bailey |    452 |    452 |      0 |     46 |    148 |   1 |  452.0 |
               +--------+--------+--------+--------+--------+-----+--------+

Top non-repeatable levels by time:
     D:3: 1773 daAuts
   Orc:2: 1559 daAuts
     D:9: 1536 daAuts
  Lair:6: 1427 daAuts
    D:13: 1315 daAuts
     D:5: 1312 daAuts
    D:11: 1304 daAuts
     D:7: 1241 daAuts
  Lair:3: 1227 daAuts
    D:14: 1131 daAuts
  Lair:2: 1123 daAuts
     D:1: 1080 daAuts
     D:4: 1042 daAuts
    D:10: 1031 daAuts
     D:6: 1005 daAuts
